3L
NORTHERN VIRGINIA RETRIEVERS @ OAKLAND OAKS
09/03/2019
 
TOP OF THE 1ST
Northern Virginia Retrievers batting - Pitching for Oakland Oaks : RHP Ramiro Lara
Pitching: RHP Ramiro Lara
Batting: RHB Ed Anderson 0-0: Ball
1-0: DOUBLE (Line Drive, 7LS)
Batting: LHB Ye Der 0-0: Ball
1-0: Ball
2-0: Ball
3-0: Called Strike
3-1: Base on Balls
Batting: LHB Roberto Salazar 0-0: Swinging Strike
0-1: Ball
1-1: SINGLE (Line Drive, 6MD)
Ed Anderson to third
Ye Der to second
Runner from 3rd tries for Home, throw and OUT!
Ye Der to third
Roberto Salazar to second
Batting: LHB John Robertson 0-0: Called Strike
0-1: Swinging Strike
0-2: Strikes out swinging
Batting: LHB Rick Watson 0-0: Ball
1-0: Ball
2-0: Foul Ball, location: 2F
2-1: Reached on error, E4 (Groundball, 4)
Ye Der scores
Roberto Salazar to third
Batting: RHB Kurt Chappell 0-0: Called Strike
0-1: Called Strike
0-2: Fly out, F9 (Flyball, 89M)
Top of the 1st over - 1 run(s), 2 hit(s), 1 error(s), 2 left on base; Northern Virginia 1 - Oakland 0
BOTTOM OF THE 1ST
Oakland Oaks batting - Pitching for Northern Virginia Retrievers : LHP Javier Tares
Pitching: LHP Javier Tares
Batting: RHB Miguel Fernández 0-0: Ball
1-0: Ball
2-0: Foul Ball, location: 2F
2-1: Ball
3-1: Ground out 6-3 (Groundball, 6M)
Batting: SHB Eugene Parrish 0-0: Called Strike
0-1: Ball
1-1: Ball
2-1: Ball
3-1: Fly out, F8 (Flyball, 8LM)
Batting: LHB Edwin Church 0-0: Ball
1-0: Called Strike
1-1: Ground out U3 (Groundball, 3S)
Bottom of the 1st over - 0 run(s), 0 hit(s), 0 error(s), 0 left on base; Northern Virginia 1 - Oakland 0
TOP OF THE 2ND
Northern Virginia Retrievers batting - Pitching for Oakland Oaks : RHP Ramiro Lara
Batting: RHB Donald Stanley 0-0: Ball
1-0: Called Strike
1-1: Ball
2-1: Swinging Strike
2-2: Ground out 2-3 (Groundball, 25)
Batting: LHB Vance Cannon 0-0: Ground out 1-3 (Groundball, 13)
Batting: LHB Javier Tares 0-0: Called Strike
0-1: Ball
1-1: Foul Ball, location: 2F
1-2: Fly out, F8 (Flyball, 8RM)
Top of the 2nd over - 0 run(s), 0 hit(s), 0 error(s), 0 left on base; Northern Virginia 1 - Oakland 0
BOTTOM OF THE 2ND
Oakland Oaks batting - Pitching for Northern Virginia Retrievers : LHP Javier Tares
Batting: RHB Aurelio Vázquez 0-0: Called Strike
0-1: Foul Ball, location: 2F
0-2: Strikes out swinging
Batting: RHB Wilber Moon 0-0: Foul Ball, location: 2F
0-1: Swinging Strike
0-2: Ball
1-2: Ground out 6-3 (Groundball, 6)
Batting: RHB Chae-hyeong Kim 0-0: Ground out 6-3 (Groundball, 6)
Bottom of the 2nd over - 0 run(s), 0 hit(s), 0 error(s), 0 left on base; Northern Virginia 1 - Oakland 0
TOP OF THE 3RD
Northern Virginia Retrievers batting - Pitching for Oakland Oaks : RHP Ramiro Lara
Batting: RHB Ed Anderson 0-0: Swinging Strike
0-1: Ground out 6-3 (Groundball, 6)
Batting: LHB Ye Der 0-0: Foul Ball, location: 2F
0-1: Ball
1-1: Ball
2-1: Foul Ball, location: 2F
2-2: Foul Ball, location: 2F
2-2: Ball
3-2: Foul Ball, location: 2F
3-2: Fly out, F7 (Line Drive, 7M)
Batting: LHB Roberto Salazar 0-0: Called Strike
0-1: TRIPLE (Flyball, 8LM)
Batting: LHB John Robertson 0-0: Ball
1-0: Swinging Strike
1-1: Ball
2-1: Foul Ball, location: 2F
2-2: Ground out 3-1 (Groundball, 3)
Top of the 3rd over - 0 run(s), 1 hit(s), 0 error(s), 1 left on base; Northern Virginia 1 - Oakland 0
BOTTOM OF THE 3RD
Oakland Oaks batting - Pitching for Northern Virginia Retrievers : LHP Javier Tares
Batting: RHB Alden Wiley 0-0: Ball
1-0: Ground out 5-3 (Groundball, 5S)
Batting: RHB Eric Murti 0-0: Called Strike
0-1: Ball
1-1: SOLO HOME RUN (Flyball, 7D), Distance : 406 ft
Batting: RHB Ramiro Lara 0-0: SINGLE (Line Drive, 34D)
Batting: RHB Miguel Fernández 0-0: Ground out 5-3 (Groundball, 56S)
Ramiro Lara to second
Batting: SHB Eugene Parrish 0-0: Called Strike
0-1: Ball
1-1: Called Strike
1-2: Ball
2-2: Fly out, F9 (Flyball, 89M)
Bottom of the 3rd over - 1 run(s), 2 hit(s), 0 error(s), 1 left on base; Northern Virginia 1 - Oakland 1
TOP OF THE 4TH
Northern Virginia Retrievers batting - Pitching for Oakland Oaks : RHP Ramiro Lara
Batting: LHB Rick Watson 0-0: Ball
1-0: Ground out 6-3 (Groundball, 6M)
Batting: RHB Kurt Chappell 0-0: Ball
1-0: Ball
2-0: Ball
3-0: Base on Balls
Batting: RHB Donald Stanley 0-0: Ball
1-0: Ball
2-0: SINGLE (Flyball, 8RS)
Kurt Chappell to second
Batting: LHB Vance Cannon 0-0: Ball
1-0: Called Strike
1-1: Hit by Pitch
Kurt Chappell to third
Donald Stanley to second
Batting: LHB Javier Tares 0-0: Ball
1-0: Fly out, F8 (Flyball, 8LM)
Runner from 3rd tags up, OUT at HOME
Top of the 4th over - 0 run(s), 1 hit(s), 0 error(s), 2 left on base; Northern Virginia 1 - Oakland 1
BOTTOM OF THE 4TH
Oakland Oaks batting - Pitching for Northern Virginia Retrievers : LHP Javier Tares
Batting: LHB Edwin Church 0-0: Ground out U3 (Groundball, 3S)
Batting: RHB Aurelio Vázquez 0-0: Ball
1-0: Called Strike
1-1: Swinging Strike
1-2: Strikes out looking
Batting: RHB Wilber Moon 0-0: Swinging Strike
0-1: Fly out, F8 (Line Drive, 8RM)
Bottom of the 4th over - 0 run(s), 0 hit(s), 0 error(s), 0 left on base; Northern Virginia 1 - Oakland 1
TOP OF THE 5TH
Northern Virginia Retrievers batting - Pitching for Oakland Oaks : RHP Ramiro Lara
Batting: RHB Ed Anderson 0-0: Called Strike
0-1: Called Strike
0-2: Ball
1-2: Foul Ball, location: 2F
1-2: Ground out 5-3 (Groundball, 5S)
Batting: LHB Ye Der 0-0: Ball
1-0: Ball
2-0: Called Strike
2-1: Ground out 4-3 (Groundball, 4)
Batting: LHB Roberto Salazar 0-0: Ball
1-0: Ball
2-0: Called Strike
2-1: Ball
3-1: SINGLE (Flyball, 9LS)
Batting: LHB John Robertson 0-0: Called Strike
0-1: Ball
1-1: Ball
2-1: Ball
3-1: Fielders Choice at 2nd, 6-4 (Groundball, 6)
Top of the 5th over - 0 run(s), 1 hit(s), 0 error(s), 0 left on base; Northern Virginia 1 - Oakland 1
BOTTOM OF THE 5TH
Oakland Oaks batting - Pitching for Northern Virginia Retrievers : LHP Javier Tares
Batting: RHB Chae-hyeong Kim 0-0: Called Strike
0-1: Foul Ball, location: 2F
0-2: Foul Ball, location: 2F
0-2: Foul Ball, location: 2F
0-2: Ball
1-2: Ball
2-2: Foul Ball, location: 2F
2-2: Foul Ball, location: 2F
2-2: Foul Ball, location: 2F
2-2: Foul Ball, location: 2F
2-2: Foul Ball, location: 2F
2-2: Fly out, F7 (Flyball, 7M)
Batting: RHB Alden Wiley 0-0: Ball
1-0: Ball
2-0: Ball
3-0: Base on Balls
Batting: RHB Eric Murti 0-0: Ball
1-0: Ball
Alden Wiley steals 2nd base
2-0: Ball
3-0: Called Strike
3-1: Called Strike
3-2: Base on Balls
Batting: RHB Ramiro Lara 0-0: Bunted foul
0-1: Sac Bunt - play at first, batter OUT! 1-4
Alden Wiley to third
Eric Murti to second
Batting: RHB Miguel Fernández 0-0: Foul Ball, location: 2F
0-1: Ball
1-1: Ground out 5-3 (Groundball, 56S)
Bottom of the 5th over - 0 run(s), 0 hit(s), 0 error(s), 2 left on base; Northern Virginia 1 - Oakland 1
TOP OF THE 6TH
Northern Virginia Retrievers batting - Pitching for Oakland Oaks : RHP Ramiro Lara
Batting: LHB Rick Watson 0-0: Called Strike
0-1: SINGLE (Line Drive, 89S)
Batting: RHB Kurt Chappell 0-0: Ball
1-0: Swinging Strike
1-1: Ball
2-1: Ball
3-1: Base on Balls
Rick Watson to second
Batting: RHB Donald Stanley 0-0: Called Strike
0-1: Foul Ball, location: 2F
0-2: Ball
1-2: Foul Ball, location: 2F
1-2: Foul Ball, location: 2F
1-2: Fly out, F2 (Popup, 2LF)
Batting: LHB Vance Cannon 0-0: DOUBLE (Groundball, 3L)
Rick Watson scores
Kurt Chappell to third
Batting: LHB Javier Tares 0-0: Swinging Strike
0-1: Ball
1-1: Foul Ball, location: 2F
1-2: Ball
2-2: Fly out, F7 (Flyball, 78S)
Batting: RHB Ed Anderson 0-0: Foul Ball, location: 2F
0-1: Swinging Strike
0-2: Ball
1-2: Fly out, F4 (Popup, 4)
Top of the 6th over - 1 run(s), 2 hit(s), 0 error(s), 2 left on base; Northern Virginia 2 - Oakland 1
BOTTOM OF THE 6TH
Oakland Oaks batting - Pitching for Northern Virginia Retrievers : LHP Javier Tares
Batting: SHB Eugene Parrish 0-0: Ball
1-0: Called Strike
1-1: Ball
2-1: Ball
3-1: Called Strike
3-2: Base on Balls
Batting: LHB Edwin Church 0-0: Ball
1-0: Ball
2-0: Ball
3-0: Called Strike
3-1: Grounds into double play, 4-6-3 (Groundball, 4)
Batting: RHB Aurelio Vázquez 0-0: Called Strike
0-1: Called Strike
0-2: Foul Ball, location: 2F
0-2: Foul Ball, location: 2F
0-2: Strikes out swinging
Bottom of the 6th over - 0 run(s), 0 hit(s), 0 error(s), 0 left on base; Northern Virginia 2 - Oakland 1
TOP OF THE 7TH
Northern Virginia Retrievers batting - Pitching for Oakland Oaks : RHP Ramiro Lara
Batting: LHB Ye Der 0-0: Ground out 4-3 (Groundball, 4)
Batting: LHB Roberto Salazar 0-0: Called Strike
0-1: Fly out, F6 (Line Drive, 6M)
Batting: LHB John Robertson 0-0: Ball
1-0: Ball
2-0: Ball
3-0: Base on Balls
Pitching: RHP Alberto Medina
Batting: LHB Rick Watson 0-0: Ball
1-0: Called Strike
Pickoff Throw to First - Error! E1
John Robertson to second
1-1: Foul Ball, location: 2F
1-2: Ball
2-2: SINGLE (Line Drive, 89S)
John Robertson to third
Runner from 3rd tries for Home, SAFE, no throw or cutoff
Batting: RHB Kurt Chappell 0-0: Ball
1-0: Ball
2-0: Ball
Wild Pitch!
Rick Watson to second
3-0: Base on Balls
Batting: RHB Donald Stanley 0-0: Called Strike
0-1: Ball
1-1: Ball
2-1: Foul Ball, location: 2F
2-2: Fly out, F9 (Flyball, 89XD)
Top of the 7th over - 1 run(s), 1 hit(s), 1 error(s), 2 left on base; Northern Virginia 3 - Oakland 1
BOTTOM OF THE 7TH
Oakland Oaks batting - Pitching for Northern Virginia Retrievers : LHP Javier Tares
Batting: RHB Wilber Moon 0-0: Ball
1-0: Called Strike
1-1: Foul Ball, location: 2F
1-2: Ball
2-2: Ground out 1-3 (Groundball, 13S)
Batting: RHB Chae-hyeong Kim 0-0: SINGLE (Line Drive, 4MD)
Batting: RHB Alden Wiley 0-0: Called Strike
0-1: Ball
1-1: Ball
2-1: Swinging Strike
2-2: Ball
3-2: Base on Balls
Chae-hyeong Kim to second
Pinch Hitting: RHB Dave Henderson 0-0: Ball
1-0: Ball
2-0: Foul Ball, location: 2F
2-1: Ball
3-1: Swinging Strike
3-2: Fielders Choice at 2nd, 6-4 (Groundball, 56)
Chae-hyeong Kim to third
Pitching: RHP Jim Roberts
Now at 3B: Micheal Murdoch
Pinch Hitting: LHB Johnny Hernández 0-0: Ball
1-0: Swinging Strike
1-1: Called Strike
1-2: Ball
2-2: Strikes out swinging
Bottom of the 7th over - 0 run(s), 1 hit(s), 0 error(s), 2 left on base; Northern Virginia 3 - Oakland 1
TOP OF THE 8TH
Northern Virginia Retrievers batting - Pitching for Oakland Oaks : RHP Alberto Medina
Pitching: RHP Curt Timperley
Now at SS: Monte Pollard
Batting: LHB Vance Cannon 0-0: Swinging Strike
0-1: Foul Ball, location: 2F
0-2: Strikes out swinging
Batting: RHB Micheal Murdoch 0-0: Ball
1-0: Ball
2-0: Ball
3-0: Called Strike
3-1: Foul Ball, location: 2F
3-2: Strikes out swinging
Batting: RHB Ed Anderson 0-0: Swinging Strike
0-1: Fly out, F8 (Flyball, 8RXD)
Top of the 8th over - 0 run(s), 0 hit(s), 0 error(s), 0 left on base; Northern Virginia 3 - Oakland 1
BOTTOM OF THE 8TH
Oakland Oaks batting - Pitching for Northern Virginia Retrievers : RHP Jim Roberts
Batting: RHB Miguel Fernández 0-0: Ball
1-0: Called Strike
1-1: Called Strike
1-2: Ball
2-2: Foul Ball, location: 2F
2-2: Strikes out looking
Batting: SHB Eugene Parrish 0-0: Called Strike
0-1: Ground out 4-3 (Groundball, 4)
Batting: LHB Edwin Church 0-0: DOUBLE (Line Drive, 9D)
Batting: RHB Aurelio Vázquez 0-0: Ball
1-0: Swinging Strike
1-1: SINGLE (Flyball, 7S)
Edwin Church to third
Batting: RHB Wilber Moon 0-0: Ball
1-0: Ball
2-0: Ball
3-0: Base on Balls
Aurelio Vázquez to second
Batting: RHB Chae-hyeong Kim 0-0: Swinging Strike
0-1: Ball
1-1: Ground out 4-3 (Groundball, 4)
Bottom of the 8th over - 0 run(s), 2 hit(s), 0 error(s), 3 left on base; Northern Virginia 3 - Oakland 1
TOP OF THE 9TH
Northern Virginia Retrievers batting - Pitching for Oakland Oaks : RHP Curt Timperley
Batting: LHB Ye Der 0-0: Called Strike
0-1: Called Strike
0-2: Foul Ball, location: 2F
0-2: Hit by Pitch
Pitching: LHP Jared Cox
Batting: LHB Roberto Salazar 0-0: Foul Ball, location: 2F
0-1: Ball
1-1: Called Strike
1-2: SINGLE (Groundball, 56D)
Ye Der to second
Pitching: RHP Robert Anderson
Batting: LHB John Robertson 0-0: Ball
1-0: Ball
2-0: Fielders Choice at 2nd, 4-6 (Groundball, 4)
Ye Der to third
Pitching: LHP John Keller
Pinch Hitting: RHB Shi-young Chang 0-0: Called Strike
0-1: Ball
1-1: Ball
2-1: Foul Ball, location: 2F
2-2: Fly out, F4 (Popup, 9LS)
Pitching: RHP Ken Simms
Pinch Hitting: RHB Christian O'Neal 0-0: Fly out, F9 (Flyball, 9LD)
Top of the 9th over - 0 run(s), 1 hit(s), 0 error(s), 2 left on base; Northern Virginia 3 - Oakland 1
BOTTOM OF THE 9TH
Oakland Oaks batting - Pitching for Northern Virginia Retrievers : RHP Jim Roberts
Pitching: RHP Lou Hartling
Now at C: Ben Ross
Batting: RHB Alden Wiley 0-0: Ball
1-0: Called Strike
1-1: Swinging Strike
1-2: Strikes out looking
Batting: LHB Monte Pollard 0-0: Called Strike
0-1: SOLO HOME RUN (Flyball, 89XD), Distance : 398 ft
Batting: RHB Ken Simms 0-0: Fly out, F5 (Popup, 5L)
Batting: RHB Miguel Fernández 0-0: Ball
1-0: Fly out, F7 (Line Drive, 7S)
Bottom of the 9th over - 1 run(s), 1 hit(s), 0 error(s), 0 left on base; Northern Virginia 3 - Oakland 2
This league is powered by Out of the Park Baseball, the baseball management simulation game for PC, Mac and Linux
Saturday, July 25th, 2015 - OOTP Baseball 15.6 Build 34